[Event "Titled Tuesday Blitz June 21 Late 2022"]
[White "Grischuk, Alexander"]
[Black "Deac, Bogdan-Daniel"]
[WhiteFideId "4126025"]
[BlackFideId "1226380"]
[WhiteElo "2762"]
[BlackElo "2648"]
[Result "1-0"]
[Round "09"]
[TimeControl "180+1"]
[Date "2022.06.21"]
[WhiteClock "0:00:09"]
[BlackClock "0:00:01"]

1. Nf3 d5 2. d4 Nf6 3. c4 e6 4. Nc3 dxc4 5. e3 a6 6. Bxc4 b5 7. Bb3 Bb7 8. O-O Nbd7 9. e4 b4 10. e5 bxc3 11. exf6 Qxf6 12. bxc3 Bd6 13. Re1 O-O 14. Bc2 Bxf3 15. Qxf3 Qxf3 16. gxf3 Nf6 17. Be4 Rab8 18. Be3 Nd5 19. c4 Nxe3 20. fxe3 c5 21. Rab1 f5 22. Bb7 f4 23. d5 exd5 24. Bxd5+ Kh8 25. Bb7 fxe3 26. Rxe3 h6 27. Reb3 a5 28. a4 Be5 29. Rb5 Bc3 30. Be4 Bb4 31. Rd1 Rbd8 32. Rxd8 Rxd8 33. h4 g5 34. h5 g4 35. Rb6 Bd2 36. Kg2 Rd4 37. Bd5 gxf3+ 38. Kxf3 Kg7 39. Rc6 Bb4 40. Rg6+ Kh7 41. Bg8+ Kh8 42. Be6 Kh7 43. Bd5 1-0


[Site "https://www.chess.com"]

[Event "Titled Tuesday Blitz June 21 Late 2022"]
[White "Harvey, Marcus R"]
[Black "Romero Ruscalleda, Josep"]
[WhiteFideId "400092"]
[BlackFideId "2231859"]
[WhiteElo "2485"]
[BlackElo "2379"]
[Result "1/2-1/2"]
[Round "09"]
[TimeControl "180+1"]
[Date "2022.06.22"]
[WhiteClock "0:00:04"]
[BlackClock "0:00:03"]

1. f4 g6 2. e4 Bg7 3. d4 d6 4. Nc3 a6 5. a4 Nc6 6. Be3 e5 7. fxe5 dxe5 8. d5 Nd4 9. Nge2 Bg4 10. h3 Bxe2 11. Nxe2 Qh4+ 12. Kd2 Qxe4 13. Nc3 Qh4 14. Qe1 Qxe1+ 15. Rxe1 O-O-O 16. Bc4 Nh6 17. Kc1 Nhf5 18. Bf2 h5 19. g4 hxg4 20. hxg4 Nd6 21. Ba2 f5 22. gxf5 gxf5 23. Bxd4 exd4 24. Ne2 Bh6+ 25. Kb1 Be3 26. Bb3 Rdg8 27. Rxh8 Rxh8 28. Rd1 Rh4 29. Ka2 b6 30. Rd3 Kd7 31. c3 f4 32. Nxd4 Rh2 33. Nf3 Rf2 34. Ne5+ Ke7 35. Kb1 Ne4 36. Bc2 Kd6 37. Ng4 Rf1+ 38. Ka2 Re1 39. Rd1 Rxd1 40. Bxd1 Kxd5 41. Bf3 b5 42. Nf6+ Ke5 43. Nxe4 bxa4 44. Ka3 Bc1 45. Nf2 Kf5 46. Nd3 Bd2 47. Kxa4 Kg5 48. Ka5 Kh4 49. Kxa6 Kg3 50. Bc6 f3 51. Bxf3 Kxf3 52. Nc5 Ke2 53. Na4 Kd3 54. Kb7 Kc4 55. Kc6 Kb3 56. Kb5 c6+ 57. Ka5 Bc1 58. Nb6 Be3 59. c4 Kxb2 60. Na4+ Kb3 61. c5 Kc4 62. Kb6 Kd5 63. Nc3+ Kc4 64. Na4 Kd5 65. Nc3+ Kc4 66. Ne4 Kd5 67. Nf6+ Kc4 68. Nd7 Bxc5+ 69. Kxc6 1/2-1/2


[Site "https://www.chess.com"]

[Event "Titled Tuesday Blitz June 21 Late 2022"]
[White "Hoffmann, Asa"]
[Black "Kovacevic, Radmila"]
[WhiteFideId "2001470"]
[BlackFideId "933171"]
[WhiteElo "2117"]
[BlackElo "2115"]
[Result "1-0"]
[Round "09"]
[TimeControl "180+1"]
[Date "2022.06.22"]
[WhiteClock "0:00:44"]
[BlackClock "0:00:04"]

1. d4 e5 2. Nf3 e4 3. Nfd2 Nf6 4. Nb3 a5 5. a4 Bb4+ 6. c3 Be7 7. Bg5 h6 8. Bh4 g5 9. Bg3 e3 10. fxe3 Ne4 11. N1d2 Nxg3 12. hxg3 d5 13. e4 dxe4 14. Nxe4 f5 15. Nf2 Qd6 16. e4 Qxg3 17. Qh5+ Kd8 18. Rh3 Qd6 19. e5 Qd5 20. Nd2 f4 21. Rf3 Bd7 22. Bc4 Qc6 23. b3 Qb6 24. Nfe4 Na6 25. g3 Be8 26. Bf7 fxg3 27. Bxe8 Rxe8 28. Nxg3 c5 29. d5 Rf8 30. d6 Rxf3 31. dxe7+ Kxe7 32. Qxf3 Rf8 33. Qe3 Qe6 34. O-O-O Rf4 35. Ne2 Rh4 36. Kc2 Qf5+ 37. Qd3 Qe6 38. Qh7+ Kd8 39. Nc4+ Kc8 40. Qh8+ Kc7 41. Qg7+ Kb8 42. Qd7 Qg6+ 43. Kb2 Rxc4 44. bxc4 Qe4 45. Rd2 Qxc4 46. e6 b5 47. e7 Nb4 48. e8=R# 1-0


[Site "https://www.chess.com"]

[Event "Titled Tuesday Blitz June 21 Late 2022"]
[White "Ibarra Jerez, Jose Carlos"]
[Black "Koziorowicz, Michal"]
[WhiteFideId "2226332"]
[BlackFideId "21809194"]
[WhiteElo "2628"]
[BlackElo "2202"]
[Result "1-0"]
[Round "09"]
[TimeControl "180+1"]
[Date "2022.06.21"]
[WhiteClock "0:00:25"]
[BlackClock "0:00:14"]

1. b4 a5 2. b5 a4 3. Bb2 e6 4. c4 a3 5. Bc3 d5 6. e3 Nf6 7. Nf3 Be7 8. Qb3 O-O 9. d4 dxc4 10. Bxc4 Nbd7 11. O-O Nb6 12. Bd3 Qd5 13. Qc2 Bd7 14. e4 Qh5 15. Ne5 Rfd8 16. Nd2 Na4 17. Ndf3 Nxc3 18. Qxc3 Rac8 19. Rac1 Be8 20. Rfe1 Nd7 21. Nc4 Qxb5 22. Nd6 Qh5 23. Nxc8 Rxc8 24. e5 Nb6 25. Be4 c6 26. Qb3 Bd8 27. Qxa3 Nd5 28. Qb3 Rc7 29. h3 Bd7 30. Qa3 g6 31. Qa8 Bc8 32. Bxd5 exd5 33. e6 fxe6 34. Rxe6 Kf7 35. Rce1 Bxe6 36. Qxd8 Re7 37. Ne5+ Kf6 38. Ng4+ Kf7 39. Re3 Re8 40. Rf3+ Bf5 41. Qxe8+ Kxe8 42. Nf6+ Ke7 43. Nxh5 Be4 44. Re3 gxh5 45. f3 c5 46. dxc5 Ke6 47. fxe4 d4 48. Rb3 Ke5 49. Kf2 Kxe4 50. Ke2 Kd5 51. Rxb7 Kxc5 52. Rxh7 1-0


[Site "https://www.chess.com"]

[Event "Titled Tuesday Blitz June 21 Late 2022"]
[White "Isajevsky, Anton"]
[Black "Bilych, Olexiy"]
[WhiteFideId "4142500"]
[BlackFideId "14156504"]
[WhiteElo "2510"]
[BlackElo "2189"]
[Result "0-1"]
[Round "09"]
[TimeControl "180+1"]
[Date "2022.06.21"]
[WhiteClock "0:00:01"]
[BlackClock "0:00:10"]

1. c4 e5 2. g3 Nf6 3. Bg2 d5 4. cxd5 Nxd5 5. Nf3 Nc6 6. O-O Bc5 7. Nxe5 Nxe5 8. d4 Nb4 9. a3 Bxd4 10. axb4 O-O 11. Nc3 c6 12. Ne4 Bf5 13. Nc5 Bxc5 14. bxc5 Qe7 15. b4 Rfd8 16. Qb3 Be6 17. Qc3 Nc4 18. Bb2 Nxb2 19. Qxb2 Bc4 20. Rfe1 Rd7 21. Bf3 a6 22. Rad1 Rad8 23. e3 Rxd1 24. Rxd1 Rxd1+ 25. Bxd1 Qe4 26. Qd4 Qxd4 27. exd4 f5 28. Bc2 g6 29. f3 Kf7 30. Kf2 Ke6 31. Ke3 Kd5 32. g4 f4+ 33. Kxf4 Kxd4 34. h4 Kc3 35. Be4 Kxb4 36. Kg5 a5 37. Kh6 a4 38. Kxh7 a3 39. Bb1 g5 40. hxg5 Bd3+ 41. Bxd3 a2 42. g6 a1=Q 43. g7 Qh1+ 44. Kg6 Qxf3 45. g8=Q Qxg4+ 46. Kf7 Qf3+ 47. Ke7 Qxd3 48. Qb8 Qb5 49. Kd6 Qxc5+ 50. Kc7 b5 51. Kb7 Qe7+ 52. Kxc6 Qc5+ 53. Kb7 Ka3 54. Qa8+ Kb3 55. Qg8+ Qc4 56. Qg3+ Ka2 57. Qf2+ Ka3 58. Qe3+ Ka4 59. Qa7+ Kb4 60. Qe3 Qd5+ 61. Kb6 Qd6+ 62. Kb7 Qc5 63. Qd2+ Ka4 64. Qa2+ Qa3 65. Qc2+ Qb3 66. Qe4+ Qc4 67. Qb1 b4 68. Kb6 b3 69. Qb2 Qb4+ 70. Kc6 Qb5+ 71. Kd6 Qd3+ 0-1


[Site "https://www.chess.com"]

[Event "Titled Tuesday Blitz June 21 Late 2022"]
[White "Ivic, Velimir"]
[Black "Livaic, Leon"]
[WhiteFideId "950122"]
[BlackFideId "14531534"]
[WhiteElo "2610"]
[BlackElo "2540"]
[Result "0-1"]
[Round "09"]
[TimeControl "180+1"]
[Date "2022.06.21"]
[WhiteClock "0:00:01"]
[BlackClock "0:00:11"]

1. c4 e6 2. Nc3 d5 3. d4 Nf6 4. cxd5 exd5 5. Bg5 c6 6. e3 Be6 7. Bd3 Nbd7 8. h3 Bd6 9. Nf3 h6 10. Bf4 Qb8 11. Qd2 a6 12. O-O g5 13. Bxd6 Qxd6 14. e4 dxe4 15. Nxe4 Nxe4 16. Bxe4 O-O-O 17. Rac1 Kb8 18. Qa5 Bd5 19. Bxd5 Qxd5 20. Qxd5 cxd5 21. Rfe1 Rhe8 22. h4 f6 23. hxg5 hxg5 24. Nh2 Re4 25. Rxe4 dxe4 26. Nf1 Nb6 27. Rd1 Nd5 28. Ng3 e3 29. fxe3 Nxe3 30. Rd3 Nd5 31. Nf5 Nf4 32. Rd2 Rd5 33. g4 Kc7 34. Kf2 Ra5 35. a3 Rb5 36. b4 a5 37. Rc2+ Kd7 38. bxa5 Rxa5 39. Rc3 Rb5 40. Kf3 Nd5 41. Rd3 Rb1 42. Ng3 b6 43. a4 Ra1 44. Ke4 Ke6 45. Nf5 Re1+ 46. Kf3 Rf1+ 47. Ke2 Ra1 48. Kf3 Rxa4 49. Rd2 Ra3+ 50. Kf2 Nc3 51. Rb2 Nd1+ 52. Ke2 Nxb2 0-1


[Site "https://www.chess.com"]

[Event "Titled Tuesday Blitz June 21 Late 2022"]
[White "Janaszak, Dawid"]
[Black "Veiga, Jose Francisco R P Neves"]
[WhiteFideId "1119206"]
[BlackFideId "1930087"]
[WhiteElo "2199"]
[BlackElo "2326"]
[Result "1-0"]
[Round "09"]
[TimeControl "180+1"]
[Date "2022.06.22"]
[WhiteClock "0:00:36"]
[BlackClock "0:00:12"]

1. d4 Nf6 2. c4 g6 3. Nc3 d5 4. h4 Bg7 5. h5 O-O 6. cxd5 Nxd5 7. hxg6 hxg6 8. Bh6 Bxh6 9. Rxh6 Kg7 10. Qd2 Nxc3 11. bxc3 Rh8 12. Rxh8 Qxh8 13. O-O-O Bf5 14. d5 Qh6 15. f4 Nd7 16. e4 Bg4 17. Be2 Qh4 18. Nf3 Bxf3 19. Bxf3 g5 20. fxg5 Ne5 21. Kb1 Rh8 22. Rc1 Qg3 23. c4 Rh2 24. Qc3 Qxg5 25. c5 Qf6 26. Rc2 Nxf3 27. gxf3 Qxc3 28. Rxc3 Rf2 29. e5 Kg6 30. d6 cxd6 31. cxd6 exd6 32. exd6 Rd2 33. Rc7 Rxd6 34. Rxb7 Rb6+ 35. Rxb6+ axb6 36. Kc2 Kf5 37. Kd3 Kf4 38. Ke2 Kg3 39. Ke3 f5 40. a4 f4+ 41. Ke4 Kf2 42. Kxf4 Ke2 43. Ke4 Kd2 44. Kd4 Kc2 45. Kc4 Kd2 46. f4 1-0


[Site "https://www.chess.com"]

[Event "Titled Tuesday Blitz June 21 Late 2022"]
[White "Jian, Alex"]
[Black "Navarrete Mendez, Gonzalo Alberto"]
[WhiteFideId "30901022"]
[BlackFideId "5106850"]
[WhiteElo "2111"]
[BlackElo "2261"]
[Result "0-1"]
[Round "09"]
[TimeControl "180+1"]
[Date "2022.06.22"]
[WhiteClock "0:00:07"]
[BlackClock "0:01:10"]

1. Nf3 d5 2. h3 Nc6 3. d4 Bf5 4. g4 Bg6 5. Nh4 e5 6. Nxg6 hxg6 7. dxe5 Nxe5 8. Bg2 c6 9. Nd2 Nf6 10. Nf3 Bd6 11. Nxe5 Bxe5 12. c3 Qe7 13. Be3 Bc7 14. Qb3 O-O 15. O-O-O Bb6 16. Rd3 Ne4 17. Bxe4 dxe4 18. Rd2 Bxe3 19. fxe3 Qc5 20. Rd4 Rae8 21. Qxb7 Qg5 22. Qxc6 Qxe3+ 23. Rd2 Rd8 24. Rd1 Rxd2 25. Rxd2 Rd8 26. Kb1 Qxd2 27. a3 Qd1+ 28. Ka2 Qd5+ 29. Qxd5 Rxd5 30. Kb3 Rd2 31. e3 Rd3 32. Kc2 Rxe3 0-1


[Site "https://www.chess.com"]

[Event "Titled Tuesday Blitz June 21 Late 2022"]
[White "Jovic, Stanoje"]
[Black "Shuvalova, Polina"]
[WhiteFideId "905020"]
[BlackFideId "24171760"]
[WhiteElo "2286"]
[BlackElo "2330"]
[Result "1-0"]
[Round "09"]
[TimeControl "180+1"]
[Date "2022.06.22"]
[WhiteClock "0:01:14"]
[BlackClock "0:00:12"]

1. c4 e6 2. g3 d5 3. Bg2 Nf6 4. Nf3 Be7 5. O-O O-O 6. d4 c6 7. b3 Nbd7 8. Qc2 b6 9. Nbd2 Bb7 10. e4 Rc8 11. e5 Ne8 12. h4 h6 13. Bb2 Nc7 14. Rad1 c5 15. dxc5 Bxc5 16. Qb1 Qe7 17. Kh2 Rfd8 18. g4 dxc4 19. bxc4 Nf8 20. g5 hxg5 21. Nxg5 Bxg2 22. Kxg2 Ng6 23. Ndf3 Na6 24. h5 Nf8 25. h6 gxh6 26. Ne4 Nh7 27. Rh1 Rxd1 28. Qxd1 Qb7 29. Qb1 Kg7 30. Bc1 Rg8 31. Bxh6+ Kh8+ 32. Kf1 Rg6 33. Bg5 Nb4 34. Nf6 Rxf6 35. Bxf6+ Kg8 36. Qxh7+ 1-0


[Site "https://www.chess.com"]

[Event "Titled Tuesday Blitz June 21 Late 2022"]
[White "Kamsky, Gata"]
[Black "Andreikin, Dmitry"]
[WhiteFideId "2000024"]
[BlackFideId "4158814"]
[WhiteElo "2645"]
[BlackElo "2736"]
[Result "1-0"]
[Round "09"]
[TimeControl "180+1"]
[Date "2022.06.21"]
[WhiteClock "0:00:34"]
[BlackClock "0:00:01"]

1. d4 Nf6 2. Nf3 d5 3. Bf4 c5 4. e3 Nc6 5. c3 Bg4 6. Qb3 Qc8 7. Ne5 c4 8. Qa4 Bd7 9. Nxd7 Nxd7 10. b3 e5 11. Bxe5 Ncxe5 12. dxe5 Be7 13. bxc4 dxc4 14. Qxc4 O-O 15. e6 Ne5 16. exf7+ Rxf7 17. Qxc8+ Rxc8 18. Be2 Bf6 19. O-O Kf8 20. a4 Rfc7 21. Rd1 Ke7 22. g3 Nc4 23. Ra2 b6 24. Kg2 Na5 25. Ba6 Rd8 26. Rxd8 Kxd8 27. Na3 Nb3 28. Nb5 Rd7 29. Nd4 Nc5 30. Bb5 Rc7 31. a5 bxa5 32. Rxa5 Ke7 33. Nc6+ Kd6 34. Nxa7 Bxc3 35. Ra2 Bf6 36. Be2 Rb7 37. Nb5+ Ke7 38. Bc4 Ne4 39. Ra6 Nd2 40. Re6+ Kd8 41. Bd3 h6 42. h4 Rd7 43. Bg6 Re7 44. Ra6 Rb7 45. Ra8+ Ke7 46. Bd3 Nb3 47. Rc8 Na5 48. e4 Rd7 49. Be2 Rd2 50. Bg4 Nb3 51. Rc7+ Kd8 52. Rc8+ Ke7 53. h5 Nd4 54. Nc3 Nb3 55. Nd5+ Kd6 56. Nxf6 gxf6 57. Rh8 Nc5 58. Kf3 Ke5 59. Bf5 Nb3 60. Ke3 Rb2 61. Re8+ Kd6 62. Re6+ Kc5 63. Rxf6 Nd4 64. Rxh6 1-0


[Site "https://www.chess.com"]

[Event "Titled Tuesday Blitz June 21 Late 2022"]
[White "Khan, Taffin"]
[Black "Quirke, Jeffrey"]
[WhiteFideId "19700024"]
[BlackFideId "2013029"]
[WhiteElo "1939"]
[BlackElo "2183"]
[Result "1/2-1/2"]
[Round "09"]
[TimeControl "180+1"]
[Date "2022.06.22"]
[WhiteClock "0:00:25"]
[BlackClock "0:00:09"]

1. e4 e5 2. Bc4 Nf6 3. Nc3 Bc5 4. d3 h6 5. f4 d6 6. Nf3 Nc6 7. Na4 Bb6 8. Nxb6 axb6 9. a3 O-O 10. O-O Be6 11. Bxe6 fxe6 12. fxe5 dxe5 13. h3 Qd6 14. Be3 Rad8 15. Qe1 Nh5 16. Qh4 Nf4 17. Rae1 Rd7 18. Nxe5 Qxe5 19. Rxf4 Rxf4 20. Qxf4 Qxb2 21. Rf1 Qxc2 22. Bc1 Qxd3 23. Qg4 Nd4 24. Bxh6 Kh7 25. Bf4 Ne2+ 26. Kh2 Nxf4 27. Rxf4 Qd6 28. Qh5+ Kg8 29. Qe8+ Kh7 30. Qh5+ Kg8 31. Qe8+ Kh7 32. Qh5+ 1/2-1/2


[Site "https://www.chess.com"]

[Event "Titled Tuesday Blitz June 21 Late 2022"]
[White "Khismatullin, Denis"]
[Black "Abarca Gonzalez, Nicolas"]
[WhiteFideId "4142578"]
[BlackFideId "3409422"]
[WhiteElo "2543"]
[BlackElo "2504"]
[Result "0-1"]
[Round "09"]
[TimeControl "180+1"]
[Date "2022.06.21"]
[WhiteClock "0:00:14"]
[BlackClock "0:00:39"]

1. Nf3 Nf6 2. c4 g6 3. g3 Bg7 4. Bg2 O-O 5. O-O d6 6. d4 Bf5 7. Qb3 Qc8 8. Nc3 Ne4 9. Nh4 Nxc3 10. bxc3 Nc6 11. Nxf5 gxf5 12. Rb1 Rb8 13. Re1 Na5 14. Qa4 b6 15. e4 c5 16. Bg5 Re8 17. dxc5 Qxc5 18. exf5 Qxf5 19. Rb5 e5 20. Be3 Rbc8 21. Bd5 Re7 22. c5 dxc5 23. Bxc5 Rec7 24. Bb4 Nc6 25. Bxc6 Rxc6 26. Qxa7 Qe6 27. a4 e4 28. Re3 Bh6 29. Re2 e3 30. f4 Bg7 31. Rg5 h6 32. Rxg7+ Kxg7 33. a5 bxa5 34. Rxe3 Ra6 35. Qd4+ Qf6 36. Qd7 axb4 37. Qxc8 b3 38. Re8 b2 39. Re1 Ra1 0-1


[Site "https://www.chess.com"]

[Event "Titled Tuesday Blitz June 21 Late 2022"]
[White "Koellner, Ruben Gideon"]
[Black "Fishbein, Mitch"]
[WhiteFideId "12993093"]
[BlackFideId "30922917"]
[WhiteElo "2553"]
[BlackElo "1939"]
[Result "1-0"]
[Round "09"]
[TimeControl "180+1"]
[Date "2022.06.22"]
[WhiteClock "0:00:11"]
[BlackClock "0:00:20"]

1. d4 Nf6 2. Bg5 d5 3. e3 c5 4. Bxf6 gxf6 5. dxc5 e6 6. c4 dxc4 7. Nd2 Bxc5 8. Bxc4 Nc6 9. Ngf3 O-O 10. a3 f5 11. g4 f4 12. exf4 Qf6 13. Qe2 Qxf4 14. Ne4 Nd4 15. Nxd4 Bxd4 16. Rd1 Bg7 17. g5 b5 18. Bd3 Bb7 19. Rg1 Kh8 20. Rg4 Qxh2 21. Qf3 Rad8 22. Ke2 Qe5 23. Rh4 Rxd3 24. Qxd3 Qxb2+ 25. Kf1 Qe5 26. Nf6 h6 27. Qh7# 1-0


[Site "https://www.chess.com"]

[Event "Titled Tuesday Blitz June 21 Late 2022"]
[White "Konaplev, Anton"]
[Black "Adla, Diego"]
[WhiteFideId "24165646"]
[BlackFideId "100072"]
[WhiteElo "2208"]
[BlackElo "2377"]
[Result "1-0"]
[Round "09"]
[TimeControl "180+1"]
[Date "2022.06.22"]
[WhiteClock "0:01:33"]
[BlackClock "0:01:50"]

1. d4 Nf6 2. c4 e6 3. Nc3 Bb4 4. e3 c5 5. a3 Bxc3+ 6. bxc3 Nc6 7. Bd3 O-O 8. Ne2 b6 9. e4 Ne8 10. Be3 Ba6 11. Ng3 Na5 12. Qe2 Nd6 13. e5 Ndxc4 14. Qh5 g6 15. Qh6 Nxe3 16. Nh5 Nxg2+ 17. Kd1 1-0


[Site "https://www.chess.com"]

[Event "Titled Tuesday Blitz June 21 Late 2022"]
[White "Lashkin, Jegor"]
[Black "Barria Santos, Jose Guilherme"]
[WhiteFideId "13907808"]
[BlackFideId "1939300"]
[WhiteElo "2368"]
[BlackElo "2261"]
[Result "1-0"]
[Round "09"]
[TimeControl "180+1"]
[Date "2022.06.21"]
[WhiteClock "0:00:04"]
[BlackClock "0:00:02"]

1. d4 Nf6 2. c4 e6 3. Nc3 d5 4. cxd5 exd5 5. Bg5 Be7 6. e3 O-O 7. Bd3 c6 8. Qc2 h6 9. Bh4 Ne8 10. Bg3 Be6 11. Nge2 Nd6 12. O-O Nd7 13. Nf4 Rc8 14. Rac1 Re8 15. Nxe6 fxe6 16. Qe2 Nf6 17. Bb1 Nf7 18. Rfd1 Bd6 19. Bh4 e5 20. dxe5 Bxe5 21. Bf5 Rb8 22. Bg6 Qd6 23. Kh1 Rf8 24. f4 Bxc3 25. bxc3 Rbe8 26. Qf3 Qe6 27. c4 dxc4 28. Bb1 Qxe3 29. Qf1 Ng4 30. h3 Nf6 31. Bxf6 gxf6 32. Qxc4 Re7 33. Qc2 Nh8 34. Re1 Qxe1+ 35. Rxe1 Rxe1+ 36. Kh2 Re7 37. Qf2 b6 38. Qg3+ Rg7 39. Qf3 c5 40. Be4 Rd8 41. Bd5+ Kf8 42. Qe4 Rd6 43. Be6 Rd8 44. f5 Nf7 45. h4 Nd6 46. Qf4 Rh7 47. h5 Nf7 48. Qc7 Re8 49. Qxa7 Ng5 50. Qxb6 Nxe6 51. fxe6 Rhe7 52. Qxc5 Kg7 53. a4 Rxe6 54. Qf2 Ra8 55. Qg3+ Kf7 56. Qg6+ Ke7 57. Qh7+ Kd6 58. Qxh6 Rxa4 59. Qf8+ Ke5 60. h6 Rh4+ 61. Kg3 Rh5 62. Qb8+ Kf5 63. Kf3 Kg6 64. Qg8+ Kf5 65. g4+ Ke5 66. gxh5 Kf5 67. h7 Ke5 68. h8=Q 1-0


[Site "https://www.chess.com"]

[Event "Titled Tuesday Blitz June 21 Late 2022"]
[White "Maltsevskaya, Aleksandra"]
[Black "Golubev, Mikhail"]
[WhiteFideId "24174041"]
[BlackFideId "14100983"]
[WhiteElo "2243"]
[BlackElo "2374"]
[Result "1-0"]
[Round "09"]
[TimeControl "180+1"]
[Date "2022.06.21"]
[WhiteClock "0:00:04"]
[BlackClock "0:00:02"]

1. e4 c5 2. Nf3 d6 3. d4 cxd4 4. Nxd4 Nf6 5. Nc3 g6 6. Be3 Bg7 7. Bc4 O-O 8. h3 Nc6 9. Bb3 Na5 10. O-O b6 11. f4 Bb7 12. Qf3 Rc8 13. Rad1 Rxc3 14. bxc3 Nxe4 15. Qg4 Nxb3 16. cxb3 Nxc3 17. Rc1 h5 18. Qg5 Bxd4 19. Bxd4 Ne2+ 20. Kh2 Nxd4 21. f5 e5 22. f6 Kh7 23. Rcd1 Qd7 24. Qh4 Rc8 25. Rf2 Nf5 26. Qg5 e4 27. g4 hxg4 28. hxg4 Nh6 29. Kg3 Rc5 30. Rf5 Rxf5 31. gxf5 Qxf5 32. Qxf5 Nxf5+ 33. Kf4 e3 34. Rc1 Bd5 35. Rd1 Be6 36. Rh1+ Kg8 37. Rc1 d5 38. b4 d4 39. Ke4 e2 40. Kd3 Ng3 41. Kxd4 Bg4 42. Ke3 Nf1+ 43. Kf2 Bh5 44. Rc8+ Kh7 45. Rf8 g5 46. Re8 g4 47. Kxe2 g3+ 48. Kxf1 Kg6 49. Kg2 Kxf6 50. Kxg3 Bd1 51. Rd8 Ba4 52. Ra8 b5 53. Rxa7 Ke5 54. Rxf7 Kd4 55. Rc7 1-0


[Site "https://www.chess.com"]

[Event "Titled Tuesday Blitz June 21 Late 2022"]
[White "Mangialardo, Tiago Carvalho"]
[Black "Remolar Gallen, Jose"]
[WhiteFideId "2130718"]
[BlackFideId "2215187"]
[WhiteElo "2089"]
[BlackElo "2205"]
[Result "0-1"]
[Round "09"]
[TimeControl "180+1"]
[Date "2022.06.22"]
[WhiteClock "0:00:03"]
[BlackClock "0:00:34"]

1. e4 c5 2. Nf3 d6 3. d4 cxd4 4. Nxd4 Nf6 5. Nc3 a6 6. Be3 e5 7. Nb3 Be6 8. Be2 Be7 9. Qd2 Nbd7 10. O-O-O Qc7 11. f3 h5 12. h3 h4 13. f4 b5 14. Nd5 Nxd5 15. exd5 Bf5 16. Bg4 Bxg4 17. hxg4 a5 18. Qd3 a4 19. Nd2 Rc8 20. Ne4 b4 21. f5 Qc4 22. Qxc4 Rxc4 23. Nf2 b3 24. axb3 axb3 25. c3 O-O 26. g5 Ra8 27. Kd2 Nc5 28. Ra1 Ra2 29. Nd3 Ne4+ 30. Ke2 Nxc3+ 31. Kf3 e4+ 32. Kf2 exd3 33. Rxa2 Ne4+ 34. Kf3 bxa2 35. Rxh4 a1=Q 0-1


[Site "https://www.chess.com"]

[Event "Titled Tuesday Blitz June 21 Late 2022"]
[White "Martinez Reyes, Pedro Ramon"]
[Black "Leiva, Gianmarco"]
[WhiteFideId "3901807"]
[BlackFideId "3804399"]
[WhiteElo "2410"]
[BlackElo "2323"]
[Result "1-0"]
[Round "09"]
[TimeControl "180+1"]
[Date "2022.06.21"]
[WhiteClock "0:00:54"]
[BlackClock "0:00:04"]

1. e4 c5 2. Nf3 d6 3. d4 cxd4 4. Nxd4 Nf6 5. Nc3 a6 6. Be2 e5 7. Nb3 Be7 8. O-O O-O 9. a4 Be6 10. Bg5 Nbd7 11. Bf3 Rc8 12. Re1 Nb6 13. Nd2 Nc4 14. Nxc4 Rxc4 15. Qd3 Qc7 16. Bxf6 Bxf6 17. h3 Rc8 18. Bg4 Qb6 19. Rab1 R8c5 20. a5 Qc6 21. Bxe6 fxe6 22. Red1 Rd4 23. Qe2 Rxa5 24. Qg4 Qc8 25. Ne2 Rxd1+ 26. Rxd1 Be7 27. Ng3 g6 28. h4 Kf7 29. h5 Bf6 30. Rxd6 Rc5 31. c3 Rc6 32. hxg6+ hxg6 33. Qd1 Rxd6 34. Qxd6 Qh8 35. Qc7+ Be7 36. Qxb7 Qh6 37. Qxa6 Qc1+ 38. Nf1 Qxb2 39. c4 Bc5 40. Ne3 Qc1+ 41. Kh2 Bxe3 42. fxe3 Qxe3 43. Qa1 Qh6+ 44. Kg1 Qe3+ 45. Kf1 Qd3+ 46. Kf2 Qxc4 47. Qxe5 Qc2+ 48. Kg3 Qd3+ 49. Kg4 Qe2+ 50. Kh3 Qe3+ 51. g3 Qh6+ 52. Kg4 Qe3 53. Qf4+ Qxf4+ 54. Kxf4 Kg7 55. Kg5 e5 56. g4 Kf7 57. Kh6 Kf6 58. g5+ Kf7 59. Kh7 Kf8 60. Kxg6 Ke7 61. Kf5 Kf7 62. Kxe5 Kg6 63. Kf4 Kf7 64. e5 Kg6 65. e6 1-0


[Site "https://www.chess.com"]

[Event "Titled Tuesday Blitz June 21 Late 2022"]
[White "Mei, Austin"]
[Black "Toncheva, Nadya"]
[WhiteFideId "30948479"]
[BlackFideId "2924056"]
[WhiteElo "1936"]
[BlackElo "1888"]
[Result "0-1"]
[Round "09"]
[TimeControl "180+1"]
[Date "2022.06.22"]
[WhiteClock "0:00:07"]
[BlackClock "0:00:09"]

1. e4 Nf6 2. e5 Nd5 3. d4 b5 4. Bxb5 c5 5. Bc4 Bb7 6. Nf3 e6 7. O-O cxd4 8. Qxd4 Nc6 9. Qd1 Nce7 10. Nbd2 Rc8 11. Ne4 Nf5 12. Bd3 Be7 13. a3 O-O 14. c4 Nb6 15. b3 d5 16. exd6 Nxd6 17. Nxd6 Qxd6 18. Qe2 Bf6 19. Rb1 Qc6 20. Re1 Rfd8 21. Bf4 Nd7 22. Be4 Qb6 23. Bxb7 Qxb7 24. b4 Nb6 25. c5 Nd5 26. Bd6 Nc3 27. Qe3 Nxb1 28. Rxb1 Qc6 29. h4 Rxd6 30. cxd6 Qxd6 31. Rc1 Rc7 32. Rxc7 Qxc7 33. g3 h6 34. a4 Be7 35. b5 Qc2 36. Nd4 Qd1+ 37. Kg2 Bc5 38. Qe4 Qxd4 39. Qxd4 Bxd4 40. Kf3 Kf8 41. Ke4 Bxf2 42. a5 Ke7 43. a6 Kd6 44. Kf4 Kc5 45. h5 Kxb5 46. g4 Kxa6 47. Ke5 Bh4 48. Kd6 Kb5 0-1


[Site "https://www.chess.com"]

[Event "Titled Tuesday Blitz June 21 Late 2022"]
[White "Melikhov, Evgeny V."]
[Black "Do Valle Cardoso, Lucas"]
[WhiteFideId "4122046"]
[BlackFideId "2163144"]
[WhiteElo "1904"]
[BlackElo "2277"]
[Result "1/2-1/2"]
[Round "09"]
[TimeControl "180+1"]
[Date "2022.06.22"]
[WhiteClock "0:00:18"]
[BlackClock "0:00:09"]

1. d4 d5 2. c4 e6 3. Nc3 Nf6 4. cxd5 exd5 5. Bg5 c6 6. Qc2 h6 7. Bh4 Be7 8. e3 O-O 9. Bd3 Re8 10. Nf3 Ne4 11. Bxe4 Bxh4 12. Bh7+ Kh8 13. O-O Be7 14. Bd3 Nd7 15. Rab1 a5 16. a3 Nf6 17. Ne5 Kg8 18. f4 Bd6 19. b4 axb4 20. axb4 Qe7 21. h3 Bd7 22. b5 c5 23. Qf2 c4 24. Bc2 Ra3 25. Ne2 Rea8 26. Ng3 Ra2 27. Rfc1 Bc8 28. Qf3 R8a3 29. Nf5 Bxf5 30. Bxf5 Rd2 31. Rd1 Rxd1+ 32. Rxd1 c3 33. Bc2 Ra2 34. Rc1 Rb2 35. Qe2 Ba3 36. Qd3 Ne4 37. Rb1 Rxb1+ 38. Bxb1 Qb4 39. Bc2 Qb2 40. Kh2 Qc1 41. Bb3 Qe1 42. Bxd5 Qg3+ 43. Kg1 Qe1+ 44. Kh2 Qg3+ 45. Kg1 Qe1+ 46. Kh2 1/2-1/2


[Site "https://www.chess.com"]

[Event "Titled Tuesday Blitz June 21 Late 2022"]
[White "Mickiewicz, Piotr"]
[Black "Domingo Nunez, Ruben"]
[WhiteFideId "1114891"]
[BlackFideId "22245570"]
[WhiteElo "2209"]
[BlackElo "2376"]
[Result "0-1"]
[Round "09"]
[TimeControl "180+1"]
[Date "2022.06.21"]
[WhiteClock "0:00:01"]
[BlackClock "0:00:13"]

1. e4 Nc6 2. Nf3 d5 3. exd5 Qxd5 4. Nc3 Qa5 5. Bb5 Bd7 6. d4 O-O-O 7. O-O a6 8. Bxc6 Bxc6 9. Ne5 Be8 10. Rb1 f6 11. b4 Qb6 12. Qg4+ Kb8 13. Nf3 h5 14. Qe4 Qc6 15. Qd3 e5 16. d5 Qd7 17. b5 a5 18. b6 cxb6 19. Rxb6 Ne7 20. Rd1 Nc8 21. Rb5 Qc7 22. Be3 Bb4 23. Ne4 f5 24. Nc5 Bxb5 25. Qxb5 Rd6 26. c4 Na7 27. Qa4 Bxc5 28. Bxc5 Qxc5 29. Nxe5 Ka8 30. Rc1 Rhd8 31. Nf7 Qb4 32. Qxb4 axb4 33. Nxd8 Rxd8 34. h4 b5 35. Kh2 Kb7 36. Kg3 g6 37. Kf4 bxc4 38. Rxc4 Rxd5 39. Rxb4+ Rb5 0-1


[Site "https://www.chess.com"]